 Dungeon Crawl Stone Soup version 0.24.0-37-gcf1ca852f1 (webtiles) character file.

Game seed: 4923802457225046596, levelgen mode: deterministic

451 H0rd4k the Charlatan (level 7, -5/50 HPs)
             Began as a Human Artificer on Dec 6, 2019.
             Slain by an iguana (11 damage)
             ... on level 5 of the Dungeon.
             The game lasted 00:09:43 (5902 turns).

H0rd4k the Charlatan (Human Artificer)              Turns: 5902, Time: 00:09:43

Health: -5/50      AC:  4    Str: 15    XL:     7   Next: 25%
Magic:  9/9        EV: 12    Int: 11    God:
Gold:   162        SH:  0    Dex: 13    Spells: 7/9 levels left

rFire    . . .     SeeInvis .   t - +2 falchion (flame)
rCold    . . .     Gourm    .   (no shield)
rNeg     . . .     Faith    .   b - +0 leather armour
rPois    .         Spirit   .   l - +0 helmet
rElec    .         Reflect  .   (no cloak)
rCorr    .         Harm     .   (no gloves)
MR       .....                  (no boots)
Stlth    ++........             (no amulet)
HPRegen  0.16/turn              (no ring)
MPRegen  0.11/turn              (no ring)

@: no status effects
A: no striking features
a: no special abilities


You were on level 5 of the Dungeon.
You were hungry.

You visited 1 branch of the dungeon, and saw 5 of its levels.

You collected 162 gold pieces.

Inventory:

Hand Weapons
 a - a +0 short sword
 t - a +2 falchion of flaming (weapon)
Missiles
 r - 16 poisoned darts (quivered)
Armour
 b - a +0 leather armour (worn)
 l - a +0 helmet (worn)
Wands
 c - a wand of polymorph (9)
 d - a wand of enslavement (12)
 e - a wand of random effects (3)
Scrolls
 g - 4 scrolls of identify
 h - 3 scrolls of teleportation
 k - 2 scrolls of random uselessness {unknown}
 m - a scroll of amnesia {unknown}
 n - a scroll of magic mapping {unknown}
 o - a scroll of fear {unknown}
 p - a scroll of fog {unknown}
 s - a scroll of remove curse {unknown}
Potions
 i - 3 potions of degeneration
 j - a potion of agility {unknown}
 q - a potion of curing
 u - a potion of lignification {unknown}
 v - a potion of ambrosia {unknown}
Comestibles
 f - 5 rations


   Skills:
 + Level 2.2 Fighting
 + Level 3.5(3.7) Short Blades
 + Level 1.3(2.6) Long Blades
 + Level 0.4 Throwing
 + Level 2.6 Armour
 + Level 2.8 Dodging
 + Level 2.3 Stealth
 * Level 1.6 Spellcasting
 + Level 3.8 Evocations


You had 7 spell levels left.
You knew the following spells:

 Your Spells              Type           Power        Failure   Level  Hunger
a - Ensorcelled Hibernat  Hex/Ice        #.....       50%         2    ###....

Your spell library contained the following spells:

 Spells                   Type           Power        Failure   Level  Hunger
 Borgnjor's Vile Clutch   Necr/Erth      #.........   100%        5    ######.
 Silence                  Hex/Air        #.........   100%        5    ######.
 Darkness                 Hex            #.........   100%        6    #######
 Shadow Creatures         Summ           N/A          100%        6    #######


Dungeon Overview and Level Annotations

Branches:
Dungeon (5/15)
 Temple: D:4-7

Altars:
Dithmenos
Fedhas

Annotations:
D:1 exclusion: downstairs
D:3 exclusion: downstairs
D:4 3 runed translucent doors
D:5 Blork the orc


Message History

The iguana is severely wounded.
The iguana bites you!
You barely miss the iguana.
The iguana is severely wounded.
The iguana bites you!
You closely miss the iguana.
The iguana is severely wounded.
The iguana misses you.
You riposte.
You hit the iguana but do no damage.
The iguana is heavily wounded.
You hit the iguana but do no damage.
The iguana is heavily wounded.
The iguana bites you!
* * * LOW HITPOINT WARNING * * *
You hit the iguana. You burn the iguana.
The iguana is almost dead.
The iguana barely misses you.
You barely miss the iguana.
The iguana is almost dead.
The iguana bites you!
You die...

+..<..'....##.(.# .#
#.....#....##...##.#
##....##....#......#
#.... #....+......#
#.... #....#......#
#.?.. #...##......#
#...o #...##......#
####+##.l..<...<..#
#..รท.##.@.##...##.#
#....(....##...# ...
#...............#
....
#...............#
...##
#...............#
.##
################# ##


You could see an iguana.

Vanquished Creatures
  Menkaure (D:4)
  A scorpion (D:4)
  A bullfrog zombie (D:5)
  A hound (D:4)
  Robin (D:3)
  4 gnolls (D:4)
  5 adders
  An adder zombie (D:5)
  3 worms
  A dart slug (D:1)
  4 leopard geckos (D:1)
  3 orcs
  8 bats
  5 giant cockroaches
  12 hobgoblins
  10 jackals
  10 kobolds
  2 quokkas
  A ball python (D:2)
  7 frilled lizards
  11 goblins
  8 rats
100 creatures vanquished.

Notes
Turn   | Place    | Note
-------+----------+-------------------------------------------
     0 | D:1      | H0rd4k the Human Artificer began the quest for the Orb.
     0 | D:1      | Reached XP level 1. HP: 15/15 MP: 3/3
   271 | D:1      | Reached XP level 2. HP: 16/21 MP: 4/4
   544 | D:1      | Reached XP level 3. HP: 10/26 MP: 5/5
  1768 | D:2      | Reached XP level 4. HP: 27/32 MP: 6/6
  1913 | D:2      | Found a faded altar of an unknown god.
  2074 | D:2      | Reached skill level 1 in Armour
  2653 | D:3      | Noticed Robin
  2685 | D:3      | Killed Robin
  2685 | D:3      | Reached XP level 5. HP: 22/38 MP: 7/7
  3988 | D:4      | Noticed a phantom
  4720 | D:4      | Noticed Menkaure
  4726 | D:4      | Killed Menkaure
  4726 | D:4      | Reached XP level 6. HP: 21/44 MP: 8/8
  4926 | D:4      | Found a shadowy altar of Dithmenos.
  5186 | D:4      | Found a blossoming altar of Fedhas.
  5235 | D:4      | Learned a level 2 spell: Ensorcelled Hibernation
  5333 | D:5      | Entered Level 5 of the Dungeon
  5333 | D:5      | Noticed a phantom
  5368 | D:4      | Found a runed translucent gate.
  5368 | D:4      | Found a runed translucent gate.
  5368 | D:4      | Found a runed translucent gate.
  5385 | D:4      | Reached XP level 7. HP: 23/50 MP: 9/9
  5545 | D:4      | Reached skill level 1 in Long Blades
  5745 | D:4      | Reached skill level 1 in Spellcasting
  5860 | D:5      | Noticed Blork the orc
  5902 | D:5      | Slain by an iguana

Levels and vault maps discovered:
D:1:      arrival_zaba_pyramid, layout_basic, minmay_tetromino_o4
D:2:      layout_basic, chequers_ecumenical_altar_simple, first_ration
D:3:      layout_basic, uniq_robin
D:4:      layout_basic, nicolae_dithmenos_through_a_glass_darkly,
          gammafunk_ghost_necromancy, fedhas_altar_fruit_tree, uniq_menkaure
D:5:      layout_gridville, vehumet_statue, serial_bayou_lagoon_a, uniq_edmund,
          uniq_blork_the_orc

Skill      XL: |  1  2  3  4  5  6  7 |
---------------+----------------------+-----
Short Blades   | 2 3 |  3.5
Armour         | 1 2 |  2.6
Stealth        | 2 |  2.3
Fighting       | 2 |  2.2
Long Blades    | 1 |  1.3
Spellcasting   | 1 |  1.6
Throwing       | |  0.4
Dodging        | |  2.8
Evocations     | |  3.8

Action                   |  1- 3 |  4- 6 |  7- 9 || total
-------------------------+-------+-------+-------++-------
Melee: Short sword       |   169 |   183 |       ||   352
       Falchion          |       |    38 |    41 ||    79
Throw: Dart              |       |     9 |       ||     9
Evoke: Wand              |     2 |    27 |     1 ||    30
  Use: Scroll            |       |     2 |       ||     2
       Potion            |       |     2 |       ||     2
 Stab: Sleeping          |     4 |     3 |     1 ||     8
  Eat: Chunk             |     2 |     9 |     1 ||    12
       Ration            |       |     1 |       ||     1
Armor: Leather armour    |    38 |    50 |    13 ||   101
Dodge: Dodged            |   100 |   163 |    31 ||   294
       Rpst.: Falchion   |       |     3 |    14 ||    17
